AoeStats
← Saladin

Arabia

504428177Analyzed
1v1 RM · 28d ago on Sep 5, 2026· 22m 51s· 2 players
Game mode
Random Map
Map size
Tiny (2 player)
Population
200
Speed
Normal
Resources
Standard
Victory
Conquest
Starting age
Dark Age
Ending age
Imperial Age
RankedLock teamsTeams togetherTeam positionsShared explorationLock speedFull tech treeHidden civsTurbo modeCheats
Victory
Defeat
🇵🇰 Franks · Pakistan
1055
+46
🇩🇪 Goths · Germany
1048
-16
Willys B&B
9:23 Loom
15:02 Feudal Age
17:19 Double-Bit Axe
23:28 Castle Age
Saladin
8:53 Feudal Age
9:25 Double-Bit Axe
18:04 Castle Age
16:29 Forging
16:52 Scale Barding Armor
17:26 Gold Mining
19:38 Iron Casting
19:26 Husbandry
20:46 Bow Saw
22:08 Wheelbarrow
Connection lost

Rejoining the realm…

Still unreachable

The connection could not be restored.

Session expired

The server has moved on; the page needs a fresh start.